 Dungeon Crawl Stone Soup version 0.30-a0-879-ga8ba668304 (webtiles) character file.

Game seed: 8961758014095630978

57 Mickster the Chucker (level 4, 0/24 HPs)
             Began as a Gargoyle Wanderer on Mar 13, 2023.
             Killed from afar by a dart slug (2 damage)
             ... with a slug dart
             ... on level 3 of the Dungeon.
             The game lasted 00:13:02 (1732 turns).

Mickster the Chucker (Gargoyle Wanderer)            Turns: 1732, Time: 00:13:02

Health: 0/24       AC:  9    Str: 15    XL:     4   Next: 0%
Magic:  7/7        EV:  7    Int: 13    God:
Gold:   96         SH: 11    Dex: 11    Spells: 6/7 levels left

rFire   . . .      SeeInvis .    a - +3 dagger
rCold   . . .      Faith    .    g - +0 tower shield
rNeg    + . .      Spirit   .    e - +1 leather armour
rPois   ∞          Reflect  .    (no helmet)
rElec   +          Rampage  .    (no cloak)
rCorr   .                        (no gloves)
Will    .....                    (no boots)
Stlth   +                        (no amulet)
HPRegen 0.24/turn                (no ring)
MPRegen 0.10/turn                (no ring)

@: no status effects
A: sickness immunity, AC +3, negative energy resistance 1, electricity
resistance, torment resistance 1, petrification resistance, iridescent scales 1,
high MP 1
a: no special abilities


You were on level 3 of the Dungeon.
You visited 1 branch of the dungeon, and saw 3 of its levels.

You collected 96 gold pieces.

Inventory:

Hand Weapons
 a - a +3 dagger (weapon)
Missiles
 j - 2 stones
 k - a curare-tipped dart (quivered)
Armour
 e - a +1 leather armour (worn)
 g - a +0 tower shield (worn)
Scrolls
 f - 2 scrolls of vulnerability
 i - 2 scrolls of identify
Potions
 l - a potion of heal wounds {unknown}


   Skills:
 + Level 1.3 Short Blades
 + Level 4.0 Throwing
 + Level 1.1 Armour
 + Level 1.7 Dodging
 + Level 1.7 Shields
 + Level 2.0 Spellcasting
 + Level 1.0 Summonings


You had 6 spell levels left.
You knew the following spells:

 Your Spells              Type           Power      Damage    Failure   Level
a - Summon Small Mammal   Summ           12%        N/A       97%         1

Your spell library contained the following spells:

 Spells                   Type           Power      Damage    Failure   Level
 Call Canine Familiar     Summ           3%         N/A       100%        3


Dungeon Overview and Level Annotations

Branches:
Dungeon (3/15)

Altars:


Innate Abilities, Weirdness & Mutations

You are immune to sickness and miasma.
Your stone body is resilient. (AC +3)
You are immune to poison.
You resist negative energy. (rN+)
You are resistant to electric shocks. (rElec)
You are resistant to unholy torment.
You are immune to petrification.
You are partially covered in iridescent scales. (AC +2)
You have an increased reservoir of magic. (+10% MP)


Message History

The dart slug bites you but does no damage.
You closely miss the ufetubus.
The ufetubus is heavily wounded.
The ufetubus hits you but does no damage. x2
The rat bites you but does no damage. You block the ufetubus's attack.
The ufetubus barely misses you. You block the rat's attack.
The dart slug launches a dart at you. The slug dart hits you.
* * * LOW HITPOINT WARNING * * *
You block the ufetubus's attack. The ufetubus closely misses you.
You block the rat's attack.
You closely miss the rat. You block the ufetubus's attack.
The ufetubus hits you.
* * * LOW HITPOINT WARNING * * *
The ufetubus hits you but does no damage.
The ufetubus barely misses you. The rat barely misses you.
You hit the rat.
The rat is severely wounded.
You block the ufetubus's attack. The ufetubus barely misses you.
You block the ufetubus's attack.
The ufetubus hits you but does no damage.
The rat barely misses you. The dart slug bites you.
* * * LOW HITPOINT WARNING * * *
You hit the rat.
You kill the rat!
The ufetubus hits you but does no damage. x2
You block the ufetubus's attack. x2; You block the dart slug's attack.
You have reached level 4!
You feel clever. The ufetubus hits you.
* * * LOW HITPOINT WARNING * * *
The ufetubus hits you but does no damage.
The dart slug briefly extends its eye-stalks.
You block the dart slug's attack. You block the ufetubus's attack. x2
You hit the ufetubus.
The ufetubus is severely wounded.
The ufetubus barely misses you. x2
The dart slug launches a dart at you. The slug dart hits you.
You die...

...............
#................
#................
#................
#........................#
#........................#
#......$.................#
#.......5@...............#
#.......w................#
#........................#
#.........................
#...............####......
............†...#.#.......
...##...######...#.#.###..
... #...# #..####.# #.. ..
#...# ##......# #..


You could see a dart slug and an ufetubus.

Vanquished Creatures
  2 adders
  A dart slug (D:1)
  5 bats
  6 endoplasms
  A giant cockroach (D:2)
  5 goblins
  5 hobgoblins
  2 quokkas (D:2)
  4 ball pythons
  3 frilled lizards (D:1)
  A rat (D:3)
35 creatures vanquished.

Notes
Turn   | Place    | Note
-------+----------+-------------------------------------------
     0 | D:1      | Mickster the Gargoyle Wanderer began the quest for the Orb.
     0 | D:1      | Mickster set off with the following items: a +2 dagger, 2
                  | curare-tipped darts, a +0 buckler, a potion of curing, a +0
                  | leather armour; and the following spell memorised: Summon
                  | Small Mammal; and the following spells available to
                  | memorise: Call Canine Familiar.
     0 | D:1      | Reached XP level 1. HP: 10/10 MP: 3/3
     5 | D:1      | Gained mutation: You are partially covered in iridescent
                  | scales. (AC +2) [potion of mutation]
     5 | D:1      | Gained mutation: You have an increased reservoir of magic.
                  | (+10% MP) [potion of mutation]
   269 | D:1      | Reached XP level 2. HP: 15/15 MP: 5/5
   497 | D:1      | Reached skill level 1 in Short Blades
   982 | D:2      | Reached skill level 4 in Throwing
   995 | D:2      | Reached XP level 3. HP: 10/19 MP: 6/6
  1731 | D:3      | Reached XP level 4. HP: 3/24 MP: 7/7
  1731 | D:3      | HP: 1/24 [ufetubus (2)]
  1732 | D:3      | Killed from afar by a dart slug

Illustrated notes

Levels and vault maps discovered:
D:1:      minmay_arrival_loop, layout_loops_ring
D:2:      layout_basic, serial_glass, glass_columns_c, glass_columns_a,
          dreamdust_princess_bridge, minmay_misc_feat_cross,
          kennysheep_generic_room_4
D:3:      layout_basic, grunt_ministairs_10, minmay_misc_feat_tiny,
          kennysheep_big_empty_room

Skill      XL: |  1  2 |
---------------+-------+-----
Short Blades   | 1 |  1.3
Throwing       | 4 |  4.0
Armour         | |  1.1
Dodging        | |  1.7
Shields        | |  1.7
Spellcasting   | |  2.0
Summonings     | |  1.0

Action                     |  1- 3 |  4- 6 || total
---------------------------+-------+-------++-------
  Melee: Dagger            |   131 |     1 ||   132
  Throw: Dart              |     2 |       ||     2
    Use: Potion            |     6 |       ||     6
         Scroll            |     6 |       ||     6
 Armour: Leather armour    |    94 |     1 ||    95
  Dodge: Dodged            |    68 |     2 ||    70
  Block: Buckler           |    13 |       ||    13
         Tower shield      |   111 |     3 ||   114

Table legend: (Time is in decaauts)
 A = Elapsed time spent in this place.
 B = Non-inter-level travel time spent in this place.
 C = Inter-level travel time spent in this place.
 D = Time resting spent in this place.
 E = Time spent auto-exploring this place.
 F = Levels seen in this place.
 G = Mean time per level.
                   A        B        C        D        E       F      G
               +--------+--------+--------+--------+--------+-----+--------+
         Total |   1778 |   1751 |     27 |    658 |      0 |   3 |  592.7 |
       Dungeon |   1778 |   1751 |     27 |    658 |      0 |   3 |  592.7 |
               +--------+--------+--------+--------+--------+-----+--------+

Top non-repeatable levels by time:
     D:1: 967 daAuts
     D:2: 559 daAuts
     D:3: 250 daAuts
